 Dungeon Crawl Stone Soup version 0.29-a0-330-g52719c12eb (webtiles) character file.

Game seed: 5978880590118577316

106 kae the Firebug (level 4, -8/28 HPs)
             Began as an Octopode Fire Elementalist on Apr 18, 2022.
             Mangled by an orc
             ... wielding a +0 flail
              (10 damage)
             ... on level 3 of the Dungeon.
             The game lasted 00:01:22 (2927 turns).

kae the Firebug (Octopode Fire Elementalist)        Turns: 2927, Time: 00:01:22

Health: -8/28      AC:  1    Str:  7    XL:     4   Next: 84%
Magic:  0/7        EV: 13    Int: 19    God:
Gold:   118        SH:  5    Dex: 12    Spells: 1/7 levels left

rFire   + . .      SeeInvis .   e - +1 hand axe
rCold   . . .      Faith    .   (no shield)
rNeg    . . .      Spirit   .   (helmet restricted)
rPois   .          Reflect  +   g - amulet of reflection
rElec   .          Harm     .   m - ring of protection from fire
rCorr   .          Rampage  .   (no ring)
Will    .....                   (no ring)
Stlth   +++.......              (no ring)
HPRegen 0.09/turn               (no ring)
MPRegen 0.10/turn               (no ring)
                                (no ring)
                                (no ring)

@: no status effects
A: almost no armour, amphibious, 8 rings, camouflage 1, gelatinous body 1,
(nimble swimmer 1), tentacles
a: no special abilities


You were on level 3 of the Dungeon.
You visited 1 branch of the dungeon, and saw 3 of its levels.

You collected 118 gold pieces.

Inventory:

Hand Weapons
 e - a +1 hand axe (weapon)
Jewellery
 g - an amulet of reflection (around mantle)
 m - a ring of protection from fire (left tentacle)
Scrolls
 b - 2 scrolls of teleportation
 k - a scroll of identify
Potions
 a - a potion of magic
 c - a potion of flight {unknown}
 d - a potion of resistance
 h - 2 potions of heal wounds {unknown}
 j - 2 potions of invisibility {unknown}
 l - a potion of curing {unknown}


   Skills:
 + Level 1.2 Fighting
 + Level 2.4 Dodging
 + Level 3.6 Stealth
 + Level 2.4 Spellcasting
 + Level 2.0 Conjurations
 * Level 3.8 Fire Magic


You had one spell level left.
You knew the following spells:

 Your Spells              Type           Power      Damage    Failure   Level
a - Foxfire               Conj/Fire      52%        2x1d6     4%          1
b - Scorch                Fire           32%        2d7       4%          2
c - Conjure Flame         Conj/Fire      13%        6-21      14%         3

Your spell library contained the following spells:

 Spells                   Type           Power      Damage    Failure   Level
 Inner Flame              Hex/Fire       9%         N/A       22%         3
 Ensorcelled Hibernation  Hex/Ice        4%         N/A       24%         2
 Passwall                 Tmut/Erth      1%         N/A       24%         2
 Swiftness                Air            2%         N/A       43%         3
 Flame Wave               Conj/Fire      13%        2d6       43%         4


Dungeon Overview and Level Annotations

Branches:
Dungeon (3/15)

Altars:
Xom

Annotations:
D:2 1 runed translucent door, Crazy Yiuf
D:3 exclusion: steam dragon


Innate Abilities, Weirdness & Mutations

You cannot wear most types of armour.
You are amphibious.
You can wear up to eight rings at the same time.
Your skin changes colour to match your surroundings (Stealth+).
Your rubbery body absorbs attacks. (AC +1, EV +1)
((You are camouflaged when in or above water. (Stealth+)))
You have tentacles for arms and can constrict up to eight enemies at once.


Message History

An orc comes into view. It is wielding a +0 flail.
The foxfire hits the worm.
The worm is lightly wounded.
The foxfire hits the worm.
The worm is moderately wounded.
Casting: Foxfire (safe; 4% risk of failure)
Confirm with . or Enter, or press ? or * to list all spells.
You conjure some foxfire!
The foxfire hits the worm.
The worm is moderately wounded.
The foxfire hits the worm.
The worm is heavily wounded.
Casting: Foxfire (safe; 4% risk of failure)
Confirm with . or Enter, or press ? or * to list all spells.
You conjure some foxfire!
The worm bites you.
The foxfire hits the worm.
The worm is heavily wounded.
The foxfire hits the worm.
The worm is severely wounded.
Casting: Foxfire (safe; 4% risk of failure)
Confirm with . or Enter, or press ? or * to list all spells.
You conjure some foxfire!
The worm bites you!
The foxfire hits the worm.
The worm is almost dead.
The foxfire hits the orc.
The orc is lightly wounded.
You block the orc's attack.
Casting: Foxfire (safe; 4% risk of failure)
Confirm with . or Enter, or press ? or * to list all spells.
You conjure some foxfire!
The worm bites you! The orc misses you.
The foxfire hits the worm.
You kill the worm!
The foxfire hits the orc.
The orc is almost dead.
The orc hits you with a +0 flail!
* * * LOW HITPOINT WARNING * * *
Casting: Foxfire (safe; 4% risk of failure)
Confirm with . or Enter, or press ? or * to list all spells.
You conjure some foxfire!
The orc hits you with a +0 flail!
You die...

######### #.......#
#...(...# #.......######
#......v§....###########
#.....v@#####...........
#.!...o#§...§#..########
#....).§.§...≈..##
#....#≈§§§..§.§#.#####
....#..≈.§.≈.≈..#.##.#
##.. ...≈.≈.§§..#....##
... #.. ≈≈.§≈...#..#..#
.# #...≈≈_§≈.§.#..##.#
.≈≈≈.§..#..##.#


You could see an orc (ally target).

Vanquished Creatures
  4 adders (D:2)
  2 worms
  2 orcs (D:3)
  4 bats
  8 endoplasms
  3 giant cockroaches
  4 goblins
  7 hobgoblins
  8 kobolds
  2 quokkas
  2 ball pythons (D:2)
  5 frilled lizards
  9 rats
60 creatures vanquished.

Vanquished Creatures (others)
  218 foxfires
218 creatures vanquished.

Grand Total: 278 creatures vanquished

Notes
Turn   | Place    | Note
-------+----------+-------------------------------------------
     0 | D:1      | kae the Octopode Fire Elementalist began the quest for the
                  | Orb.
     0 | D:1      | Reached XP level 1. HP: 11/11 MP: 3/3
   289 | D:1      | Reached XP level 2. HP: 17/17 MP: 1/5
  1012 | D:2      | Reached XP level 3. HP: 20/22 MP: 2/6
  1015 | D:2      | Learned a level 2 spell: Scorch
  1019 | D:2      | Learned a level 3 spell: Conjure Flame
  1055 | D:2      | Found a shimmering altar of Xom.
  1747 | D:2      | Reached skill level 1 in Fighting
  1747 | D:2      | Reached XP level 4. HP: 24/28 MP: 3/7
  2121 | D:2      | Found a runed translucent door.
  2122 | D:2      | Noticed Crazy Yiuf
  2791 | D:3      | Noticed a steam dragon
  2897 | D:3      | Found a faded altar of an unknown god.
  2926 | D:3      | HP: 1/28 [orc/+0 flail (8)]
  2927 | D:3      | Mangled by an orc

Illustrated notes

Levels and vault maps discovered:
D:1:      giann_wishing_wells, layout_basic
D:2:      kennysheep_six_static_rooms, layout_basic, basic_altar,
          hangedman_decor_clover_reticule, minmay_tree_intersection,
          uniq_crazy_yiuf_cottage
D:3:      layout_rooms, shapermc_ecumenical_altar_starsandcircs

Skill      XL: |  1  2  3  4 |
---------------+-------------+-----
Stealth        | 3 |  3.6
Fighting       | 1 |  1.2
Conjurations   | 2 |  2.0
Dodging        | |  2.4
Spellcasting   | |  2.4
Fire Magic     | |  3.8

Action                   |  1- 3 |  4- 6 || total
-------------------------+-------+-------++-------
Melee: Hand axe          |     7 |     3 ||    10
       Tentacles         |     1 |     1 ||     2
       Constrict         |     1 |     1 ||     2
 Cast: Foxfire           |    73 |    53 ||   126
  Use: Scroll            |       |     6 ||     6
 Stab: Sleeping          |     1 |       ||     1
Armor: Skin              |     1 |       ||     1
Dodge: Dodged            |    11 |     3 ||    14
Block: Other             |     2 |     3 ||     5

Table legend: (Time is in decaauts)
 A = Elapsed time spent in this place.
 B = Non-inter-level travel time spent in this place.
 C = Inter-level travel time spent in this place.
 D = Time resting spent in this place.
 E = Time spent auto-exploring this place.
 F = Levels seen in this place.
 G = Mean time per level.
                   A        B        C        D        E       F      G
               +--------+--------+--------+--------+--------+-----+--------+
         Total |   2928 |   2907 |     21 |      4 |   2471 |   3 |  976.0 |
       Dungeon |   2928 |   2907 |     21 |      4 |   2471 |   3 |  976.0 |
               +--------+--------+--------+--------+--------+-----+--------+

Top non-repeatable levels by time:
     D:2: 1784 daAuts
     D:1: 923 daAuts
     D:3: 220 daAuts
